AoeStats
← the shy

Nomad

503803896Analyzed
4v4 RM · 1mo ago on Sep 2, 2026· 40m 35s· 8 players
Game mode
Random Map
Map size
231×231
Population
200
Speed
Normal
Resources
Standard
Victory
Conquest
Starting age
Dark Age
Ending age
Imperial Age
RankedLock teamsTeams togetherTeam positionsShared explorationLock speedFull tech treeHidden civsTurbo modeCheats
Victory
Defeat
🇨🇳 Mongols · China
1662
+10
1650
+10
🇺🇸 Italians · United States
1641
+11
🇨🇳 Huns · China
1608
+12
🇻🇳 Spanish · Vietnam
1613
-15
1585
-13
🇳🇱 Lithuanians · Netherlands
1512
-10
🇻🇳 Dravidians · Vietnam
1392
-6
Yucatan_water_supremacy
4:52 Loom
13:32 Feudal Age
14:02 Town Watch
17:13 Castle Age
15:08 Stone Mining
17:28 Scale Barding Armor
20:09 Fletching
28:29 Chain Barding Armor
32:19 Husbandry
33:35 Bloodlines
34:25 Wheelbarrow
34:14 Double-Bit Axe
busy pushing deer
5:20 Loom
14:27 Feudal Age
15:45 Fishing Lines
18:16 Castle Age
16:31 Double-Bit Axe
16:55 Gold Mining
17:12 Stone Mining
19:18 Bow Saw
19:33 Fletching
21:10 Bodkin Arrow
26:20 Gillnets
26:53 Padded Archer Armor
30:05 Imperial Age
30:10 Ballistics
31:24 Bracer
33:05 Chemistry
33:48 Leather Archer Armor
39:48 Two-Man Saw
40:44 Wheelbarrow
39:54 Town Watch
兰博基尼
13:09 Feudal Age
14:28 Loom
17:21 Castle Age
19:35 Fletching
20:18 Town Watch
22:02 Bodkin Arrow
24:12 Padded Archer Armor
25:03 Ballistics
25:34 Double-Bit Axe
28:14 Bow Saw
32:56 Leather Archer Armor
32:49 Husbandry
33:28 Horse Collar
34:59 Gold Mining
35:39 Bloodlines
37:46 Wheelbarrow
37:15 Heavy Plow
41:45 Imperial Age
39:39 Masonry
the shy
9:29 Loom
12:43 Feudal Age
18:09 Castle Age
17:03 Double-Bit Axe
17:37 Fletching
19:18 Bodkin Arrow
27:18 Horse Collar
33:54 Bow Saw
Bart
14:22 Feudal Age
15:15 Town Watch
15:21 Loom
18:08 Castle Age
16:44 Fletching
19:12 Double-Bit Axe
19:08 Horse Collar
34:15 Fishing Lines
37:23 Heavy Plow
40:10 Gillnets
timembh
5:06 Loom
13:47 Feudal Age
17:55 Castle Age
15:47 Fletching
17:09 Padded Archer Armor
18:16 Crossbowman
19:15 Bodkin Arrow
20:38 Leather Archer Armor
20:34 Double-Bit Axe
24:56 Bow Saw
27:48 Pikeman
32:03 Ballistics
36:59 Forging
luanb10
4:40 Loom
13:38 Feudal Age
17:10 Castle Age
17:27 Double-Bit Axe
21:01 Fletching
21:22 Padded Archer Armor
24:41 Leather Archer Armor
36:44 Imperial Age
38:36 Conscription
38:40 Fletching
39:21 Ring Archer Armor
39:00 Elite Skirmisher
39:37 Bodkin Arrow
40:18 Bow Saw
CTM | Lelouch jugando borracho
13:27 Feudal Age
11:44 Loom
13:33 Loom
17:15 Castle Age
16:08 Fishing Lines
17:55 Double-Bit Axe
18:01 Fletching
19:21 Bow Saw
19:01 Stone Mining
29:57 Imperial Age
29:20 Bodkin Arrow
33:39 Bracer
Connection lost

Rejoining the realm…

Still unreachable

The connection could not be restored.

Session expired

The server has moved on; the page needs a fresh start.